 Dungeon Crawl Stone Soup version bcrawl-1.27.6 (webtiles) character file.

Game seed: 9591612012324529558

187239 Freyura the Cudgeler (level 6, -3/51 HPs)
             Began as a Demonspawn Gladiator on Sept 14, 2020.
             Slain by a human zombie (7 damage)
             ... in an ossuary.
             The game lasted 00:06:53 (3047 turns).

Freyura the Cudgeler (Demonspawn Gladiator)         Turns: 3047, Time: 00:06:54

Health: -3/51      AC:  3    Str: 14    XL:     6   Next: 36%
Magic:  6/6        EV: 14    Int: 14    God:
Gold:   323        SH:  0    Dex: 17    Spells: 5/5 levels left

rFire    . . .     SeeInvis .   p - +2 whip (flame)
rCold    . . .     Gourm    .   (no shield)
rNeg     . . .     Faith    .   b - +0 leather armour
rPois    .         Spirit   .   (helmet restricted)
rElec    .         Reflect  .   (no cloak)
rCorr    .         Harm     .   (no gloves)
MR       .....                  (no boots)
Stlth    +.........             (no amulet)
HPRegen  0.17/turn              (no ring)
MPRegen  0.10/turn              (no ring)

@: confused, brilliant
A: antennae 2, deterioration 1, mutation resistance 1, robust 1, spiny 1
a: no special abilities


You were in an ossuary.
You were not hungry.

You visited 1 branch of the dungeon, and saw 4 of its levels.
You also visited: Ossuary.

You collected 323 gold pieces.

Inventory:

Hand Weapons
 a - a +0 flail
 p - a +2 whip of flaming (weapon)
Missiles
 d - 3 throwing nets {=f}
Armour
 b - a +0 leather armour (worn)
Scrolls
 c - a scroll of identify
 f - a scroll of enchant armour {unknown}
 g - a scroll of amnesia {unknown}
 i - a scroll of immolation {unknown}
 j - a scroll of blinking {unknown}
 n - 2 scrolls of teleportation {unknown}
 o - a scroll of remove curse {unknown}
Potions
 h - 2 potions of agility {unknown}
 k - a potion of invisibility {unknown}
 l - a potion of mutation
 m - a potion of brilliance
 r - a potion of cancellation {unknown}
 s - a potion of resistance {unknown}
Comestibles
 e - 7 rations {!d}


   Skills:
 + Level 3.4 Fighting
 * Level 4.6 Maces & Flails
 - Level 1.7 Throwing
 + Level 2.3 Armour
 + Level 3.7 Dodging


You had 5 spell levels left.
You didn't know any spells.
Your spell library was empty.

Dungeon Overview and Level Annotations

Branches:
Dungeon (4/12)
 Temple: D:4-7

Altars:
Dithmenos
Elyvilon
Okawaru
Qazlal
Sif Muna
Trog
Xom


Innate Abilities, Weirdness & Mutations

You have a pair of antennae on your head.
You are partially covered in sharp spines.
Your body sometimes deteriorates upon taking damage.
You are somewhat resistant to further mutation.
You are robust. (+10% HP)


Message History

The gnoll zombie closely misses you. The human zombie closely misses you.
It was a potion of ambrosia.
You are confused.
You feel invigorated.
The human zombie is struck by your spines.
The human zombie hits you.
* * * LOW HITPOINT WARNING * * *
The big kobold zombie is struck by your spines.
The big kobold zombie barely misses you.
You miss the big kobold zombie.
The big kobold zombie is almost destroyed.
The gnoll zombie misses you.
The rat zombie bites you but does no damage.
The human zombie is struck by your spines.
The human zombie misses you. The human zombie barely misses you.
The human zombie is struck by your spines.
The human zombie hits you.
* * * LOW HITPOINT WARNING * * *
The human zombie hits you!
You die...

................
................
#...............
#...............
................
................
.......ZZ.......
.......@ZZZ.....
.......ZZ.......
................
................
................
#...............
#...............
................


You could see a rat zombie, a gnoll zombie, a big kobold zombie and 4 human
zombies.

Vanquished Creatures
  An ogre (D:2)
  A scorpion (D:3)
  A bullfrog skeleton (D:4)
  4 adders
  4 gnolls
  An ooze (D:1)
  6 worms
  A dart slug (D:1)
  5 leopard geckos
  5 orcs
  A giant cockroach (D:2)
  9 goblins
  8 hobgoblins
  7 jackals
  13 kobolds
  4 quokkas
  A ball python (D:2)
  8 bats
  5 frilled lizards
  A gnoll zombie (Ossuary)
  A goblin zombie (Ossuary)
  3 rats
  3 rat zombies (Ossuary)
93 creatures vanquished.

Notes
Turn   | Place    | Note
-------+----------+-------------------------------------------
     0 | D:1      | Freyura the Demonspawn Gladiator began the quest for the
                  | Orb.
     0 | D:1      | Reached XP level 1. HP: 16/16 MP: 1/1
   143 | D:1      | Gained mutation: You are partially covered in sharp spines.
                  | [demonic ancestry]
   143 | D:1      | Reached XP level 2. HP: 21/22 MP: 2/2
   163 | D:1      | Reached skill level 3 in Maces & Flails
   754 | D:1      | Gained mutation: You have a pair of small antennae on your
                  | head. [demonic ancestry]
   754 | D:1      | Reached XP level 3. HP: 12/28 MP: 3/3
   906 | D:2      | Found a shadowy altar of Dithmenos.
   909 | D:2      | Noticed an ogre
   928 | D:2      | Killed an ogre
   928 | D:2      | Reached skill level 1 in Armour
   928 | D:2      | Reached XP level 4. HP: 2/34 MP: 4/4
  1188 | D:2      | Gained mutation: You have a pair of antennae on your head.
                  | [demonic ancestry]
  1188 | D:2      | Reached XP level 5. HP: 29/40 MP: 5/5
  1259 | D:2      | Reached skill level 4 in Maces & Flails
  1302 | D:2      | Found a bloodstained altar of Trog.
  1811 | D:3      | Found a faded altar of an unknown god.
  2181 | D:3      | Found a white marble altar of Elyvilon.
  2231 | D:3      | Reached XP level 6. HP: 41/47 MP: 6/6
  2371 | D:3      | Found a white marble altar of Elyvilon.
  2373 | D:3      | Found a shimmering blue altar of Sif Muna.
  2373 | D:3      | Found an iron altar of Okawaru.
  2375 | D:3      | Found a shimmering altar of Xom.
  2375 | D:3      | Found a shimmering altar of Xom.
  2375 | D:3      | Found a stormy altar of Qazlal.
  3017 | D:4      | Found a sand-covered staircase.
  3029 | Ossuary  | Entered an ossuary
  3042 | Ossuary  | HP: 2/47 [human zombie (4)]
  3044 | Ossuary  | Gained mutation: Your body sometimes deteriorates upon
                  | taking damage. [potion of mutation]
  3044 | Ossuary  | Gained mutation: You are robust. (+10% HP) [potion of
                  | mutation]
  3044 | Ossuary  | Gained mutation: You are somewhat resistant to further
                  | mutation. [potion of mutation]
  3047 | Ossuary  | Slain by a human zombie

Skill      XL: |  1  2  3  4  5 |
---------------+----------------+-----
Maces & Flails | 3 4 |  4.6
Dodging        | 3 |  3.7
Armour         | 1 2 |  2.3
Fighting       | 3 |  3.4
Throwing       | |  1.7

Action                   |  1- 3 |  4- 6 || total
-------------------------+-------+-------++-------
Melee: Flail             |    58 |    53 ||   111
       Whip              |       |    94 ||    94
  Use: Potion            |       |     3 ||     3
 Stab: Sleeping          |       |     1 ||     1
  Eat: Chunk             |     1 |    11 ||    12
Armor: Leather armour    |    16 |    26 ||    42
Dodge: Dodged            |    32 |   106 ||   138
